 Dungeon Crawl Stone Soup version 0.23.0-38-g208d714 (webtiles) character file.

Game seed: 6119493347616565661

66 Hasart the Digger (level 3, -5/19 HPs)
             Began as a Deep Elf Earth Elementalist on Feb 28, 2019.
             Slain by Sigmund
             ... wielding a +0 scythe
              (10 damage)
             ... on level 2 of the Dungeon.
             The game lasted 00:03:06 (1670 turns).

Hasart the Digger (Deep Elf Earth Elementalist)     Turns: 1670, Time: 00:03:07

Health: -5/19      AC:  2    Str:  5    XL:     3   Next: 96%
Magic:  7/10       EV: 13    Int: 20    God:
Gold:   105        SH:  0    Dex: 15    Spells: 8/9 levels left

rFire    . . .     SeeInvis .   i - +0 dagger
rCold    . . .     Gourm    .   (no shield)
rNeg     . . .     Faith    .   c - +0 robe
rPois    .         Spirit   .   (no helmet)
rElec    .         Reflect  .   (no cloak)
rCorr    .         Harm     .   (no gloves)
MR       .....                  (no boots)
Stlth    ++........             j - amulet of inaccuracy (curse)
HPRegen  0.06/turn              (no ring)
MPRegen  0.12/turn              (no ring)

@: no status effects
A: no striking features
a: no special abilities


You were on level 2 of the Dungeon.
You were not hungry.

You visited 1 branch of the dungeon, and saw 2 of its levels.

You collected 105 gold pieces.

Inventory:

Hand Weapons
 i - a +0 dagger (weapon)
Missiles
 b - 103 stones (quivered)
Armour
 c - a +0 robe (worn)
Jewellery
 j - a cursed amulet of inaccuracy (around neck)
 l - an uncursed amulet of magic regeneration {unknown}
Wands
 f - a wand of iceblast (7)
Scrolls
 e - 3 scrolls of identify
Potions
 a - a potion of heal wounds
 h - a potion of curing {unknown}
 k - a potion of degeneration {unknown}
Comestibles
 d - 5 rations
 g - 2 chunks of flesh


   Skills:
 + Level 3.3 Dodging
 - Level 2.4 Stealth
 + Level 3.9 Spellcasting
   Level 1.1 Transmutations
 * Level 4.4 Earth Magic


You had 8 spell levels left.
You knew the following spells:

 Your Spells              Type           Power        Failure   Level  Hunger
a - Sandblast             Erth           ###...       1%          1    None

Your spell library contained the following spells:

 Spells                   Type           Power        Failure   Level  Hunger
 Passwall                 Tmut/Erth      ###.....     6%          2    ##.....
 Stone Arrow              Conj/Erth      ##....       16%         3    ###....
 Petrify                  Tmut/Erth      ###.....     38%         4    ####...
 Lee's Rapid Deconstruct  Erth           ###.......   50%         5    ######.


Dungeon Overview and Level Annotations

Branches:
Dungeon (2/15)

Altars:
Ashenzari

Annotations:
D:2 Sigmund


Message History

Aiming: Sandblast (safe; 1% risk of failure)
Press: ? - help, Shift-Dir - straight line The blast of sand hits something.
b - 105 stones
Casting: Sandblast (safe; 1% risk of failure)
Confirm with . or Enter, or press ? or * to list all spells.
Aiming: Sandblast (safe; 1% risk of failure)
Press: ? - help, Shift-Dir - straight line
b - 104 stones Something hits you!
Ouch! That really hurt!
* * * LOW HITPOINT WARNING * * *
Casting: Sandblast (safe; 1% risk of failure)
Confirm with . or Enter, or press ? or * to list all spells.
Aiming: Sandblast (safe; 1% risk of failure)
Press: ? - help, Shift-Dir - straight line
b - 103 stones Something hits you!
Ouch! That really hurt!
You die...

...# ####.### #..##
###.######....#
#.## #
...........####
#.####..#
####.....####
#......#
#####......
###..#.###
######..####..†#..#
#....#...#.##
...#####.??....#
#.....@..#..###
#.........#..#
#....###..#..# #...
#.....# #.. .......
#. .####..## # .
.... . .###


There were no monsters in sight!

Vanquished Creatures
  A gnoll (D:1)
  An adder (D:2)
  A dart slug (D:1)
  A leopard gecko (D:1)
  6 giant cockroaches
  6 hobgoblins
  3 jackals (D:1)
  A ball python (D:1)
  4 bats (D:1)
  3 frilled lizards
  5 goblins
  4 kobolds (D:1)
  7 rats
43 creatures vanquished.

Notes
Turn   | Place    | Note
-------+----------+-------------------------------------------
     0 | D:1      | Hasart the Deep Elf Earth Elementalist began the quest for
                  | the Orb.
     0 | D:1      | Reached XP level 1. HP: 10/10 MP: 6/6
     6 | D:1      | Noticed an ogre
     8 | D:1      | Noticed an octopode
     8 | D:1      | Noticed a gargoyle
    10 | D:1      | Noticed a tengu
    12 | D:1      | Noticed an elf
    12 | D:1      | Noticed a halfling
    14 | D:1      | Noticed a formicid
    14 | D:1      | Noticed a vine stalker
    16 | D:1      | Noticed a felid
    16 | D:1      | Noticed a naga
    18 | D:1      | Noticed a human
    18 | D:1      | Noticed a centaur
    20 | D:1      | Noticed a draconian
    22 | D:1      | Noticed a minotaur
    22 | D:1      | Noticed a demigod
    24 | D:1      | Noticed a merfolk
    24 | D:1      | Noticed a dwarf
    26 | D:1      | Noticed a ghoul
    28 | D:1      | Noticed a vampire
    28 | D:1      | Noticed a troll
    30 | D:1      | Noticed a spriggan
    30 | D:1      | Noticed a demonspawn
   146 | D:1      | Reached XP level 2. HP: 15/15 MP: 5/8
   461 | D:1      | Reached skill level 4 in Earth Magic
   696 | D:1      | Reached XP level 3. HP: 19/19 MP: 8/10
  1606 | D:2      | Found a shattered altar of Ashenzari.
  1661 | D:2      | Noticed Sigmund
  1670 | D:2      | Slain by Sigmund

Skill      XL: |  1  2  3 |
---------------+----------+-----
Earth Magic    | 4 |  4.4
Dodging        | 3 |  3.3
Stealth        | |  2.4
Spellcasting   | |  3.9
Transmutations | |  1.1

Action                   || total
-------------------------++-------
Melee: Unarmed           ||     1
 Cast: Sandblast         ||    63
  Use: Scroll            ||     3
  Eat: Chunk             ||     2
Armor: Robe              ||     7
Dodge: Dodged            ||    17
